 Dungeon Crawl Stone Soup version 0.21-a0-583-g2c32b0f (webtiles) character file.

3 Firecrotchwizard the Slasher (level 1, 0/16 HPs)
             Began as a Demonspawn Gladiator on Dec 20, 2017.
             Succumbed to a gnoll's poison
             ... on level 1 of the Dungeon.
             The game lasted 00:00:30 (309 turns).

Firecrotchwizard the Slasher (Demonspawn Gladiator)  Turns: 309, Time: 00:00:31

Health: 0/16       AC:  4    Str: 14    XL:     1   Next: 41%
Magic:  1/1        EV: 12    Int:  9    God:
Gold:   0          SH:  0    Dex: 14    Spells: 0/0 levels left

rFire    . . .     SeeInvis .   a - +0 long sword
rCold    . . .     Gourm    .   (no shield)
rNeg     . . .     Faith    .   b - +0 leather armour
rPois    .         Spirit   .   c - +0 helmet
rElec    .         Reflect  .   (no cloak)
rCorr    .         Harm     .   (no gloves)
MR       .....                  (no boots)
Stlth    +.........             (no amulet)
HPRegen  0.05/turn              (no ring)
MPRegen  0.07/turn              (no ring)

@: lethally poisoned (0 -> -30)
A: no striking features
a: no special abilities


You were on level 1 of the Dungeon.
You were not hungry.

You visited 1 branch of the dungeon, and saw 1 of its levels.

Inventory:

Hand Weapons
 a - a +0 long sword (weapon)
Missiles
 d - 3 throwing nets {=f, !d}
Armour
 b - a +0 leather armour (worn)
 c - a +0 helmet (worn)
Scrolls
 e - a scroll of remove curse {unknown}
 h - a scroll of noise {unknown}
Potions
 g - a potion of might {unknown}
Comestibles
 f - 2 rations {@e1}


   Skills:
 + Level 2.1 Fighting
 + Level 2.7 Long Blades
 + Level 1.8 Throwing
 + Level 2.7 Dodging


You couldn't memorise any spells.
You didn't know any spells.

Dungeon Overview and Level Annotations

Branches:
Dungeon (1/15)

Altars:


Message History

Welcome, Firecrotchwizard the Demonspawn Gladiator.
Will you be the one to retrieve the fabulous Orb of Zot from the depths?
Found a staircase leading out of the dungeon.
You open the door.
There is an open door here.
Found a stone staircase leading down.
You see here 10 stones.
f - 2 rations {@e1} (gained 1)
A bat comes into view.
A bat is nearby!
The bat misses you. The bat hits you but does no damage. The bat misses you.
The bat barely misses you.
You hit the bat.
You kill the bat!
No target in view!
No target in view!
You butcher the bat corpse.
g - a chunk of flesh {@w0} You found a shaft!
A dart slug comes into view.
Things that are here:
a coppery potion; a scroll labeled YMNITHR LINUVERO You hit the dart slug but do no damage.
The dart slug launches a dart at you. The slug dart hits you!
You take 6 damage, and have 10/16 hp.
MASSIVE DAMAGE!!
You hit the dart slug. You hit the dart slug. The dart slug barely misses you.
You hit the dart slug but do no damage. The dart slug launches a dart at you.
The slug dart hits you!
You take 5 damage, and have 5/16 hp.
MASSIVE DAMAGE!!
You slash the dart slug!
You kill the dart slug!
You start resting.
All of the chunks of flesh in your inventory have rotted away.
Health restored: 16
e - a scroll labeled VOUDEF COFETIS
g - a coppery potion;
h - a scroll labeled YMNITHR LINUVERO A gnoll comes into view.
It is wielding a spear of venom.
The gnoll shouts!
A gnoll is nearby!
The gnoll barely misses you.
You riposte.
You slash the gnoll! You barely miss the gnoll.
The gnoll hits you with a spear of venom.
You are poisoned.
You take 2 damage, and have 14/16 hp.
You hit the gnoll.
You feel sick.
The gnoll hits you with a spear of venom!
Ouch! That really hurt!
* * * LOW HITPOINT WARNING * * *
You are more poisoned.
You take 11 damage, and have 3/16 hp.
MASSIVE DAMAGE!!
You closely miss the gnoll.
You die...

#(.# +...+ ####..# ##.#
####.<.## #.....#
#.####..'...+ .## ##.#.##
#.##..####+## ..###.#^#
###.#.### # #.#....#
#>...## #.#######.#.###
#.###.# ..........# #.
...##.#.##.#..##..# #
.#.........@g.....##
...................########
.. ........................
#.#####......###....#####.
.# #...#.............#
#...######.....##.# #...
#.....##.# #... #......#g#
............g..


You could see a gnoll.

Vanquished Creatures
  A dart slug (D:1)
  A bat (D:1)
2 creatures vanquished.

Notes
Turn   | Place    | Note
-------+----------+-------------------------------------------
     0 | D:1      | Firecrotchwizard the Demonspawn Gladiator began the quest for the Orb.
     0 | D:1      | Reached XP level 1. HP: 16/16 MP: 1/1
   308 | D:1      | HP: 3/16 [gnoll/spear of venom (10)]
   309 | D:1      | Succumbed to a gnoll's poison

Vault maps used:
D:1:      dpeg_arrival_radiant, minmay_split_cup_large

Action                   || total
-------------------------++-------
Melee: Long sword        ||     9
Armor: Leather armour    ||     1
Dodge: Dodged            ||     5
       Rpst.: Long sword ||     1

Table legend:
 A = Spawn XP
 B = Non-spawn XP
 C = Spawn XP percentage of total XP
 D = Spawn monster count
 E = Non-spawn monster count
 F = Spawn count percentage of total count
 G = Total turns spent on level
                    A         B        C        D         E        F      G
               +---------+---------+-------+---------+---------+-------+---------
         Total |       0 |       5 |   0.0 |       0 |       2 |   0.0 |   309
               +---------+---------+-------+---------+---------+-------+---------
           D:1 |       0 |       5 |   0.0 |       0 |       2 |   0.0 |   309
               +---------+---------+-------+---------+---------+-------+---------

Vault maps used:
D:1:      dpeg_arrival_radiant, minmay_split_cup_large

Table legend:
 A = Turns spent in this place as a percentage of turns spent in the entire game.
 B = Non-inter-level travel turns spent in this place as a percentage of non-inter-level travel turns spent in the entire game.
 C = Inter-level travel turns spent in this place as a percentage of turns spent in this place.
 D = Turns resting spent in this place as a percentage of non-inter-level travel turns spent in this place.
 E = Turns spent auto-exploring this place as a percentage of non-inter-level travel turns spent in this place.
 F = Non-inter-level travel turns spent in this place divided by the number of levels of this place that you've seen.
                   A       B       C       D       E      F
               +-------+-------+-------+-------+-------+----------------------
         Total | 100.0 | 100.0 |   0.0 |  68.3 |  18.1 | 309.0
       Dungeon | 100.0 | 100.0 |   0.0 |  68.3 |  18.1 | 309.0
               +-------+-------+-------+-------+-------+----------------------

Table legend:
 A = Kills in this place as a percentage of kills in entire the game.
 B = Kills by you in this place as a percentage of kills by you in the entire game.
 C = Kills by friends in this place as a percentage of kills by friends in the entire game.
 D = Other kills in this place as a percentage of other kills in the entire game.
 E = Experience gained in this place as a percentage of experience gained in the entire game.
 F = Experience gained in this place divided by the number of levels of this place that you have seen.
                   A       B       C       D       E      F
               +-------+-------+-------+-------+-------+----------------------
         Total | 100.0 | 100.0 |   N/A |   N/A | 100.0 |   5.0
       Dungeon | 100.0 | 100.0 |   N/A |   N/A | 100.0 |   5.0
               +-------+-------+-------+-------+-------+----------------------
